[Event "*** SCC Grand Prix: Titled Tuesday Blitz"]
[Site "Chess.com"]
[Date "2020.07.07"]
[Round "7"]
[White "Matveev_Vladimir"]
[Black "124chess"]
[Result "0-1"]
[WhiteElo "2544"]
[BlackElo "2700"]
[TimeControl "180+1"]
[EndTime "11:20:07 PDT"]
[Termination "124chess won on time"]

1. d4 Nf6 2. c4 e6 3. Nf3 d5 4. g3 a6 5. Nbd2 c5 6. cxd5 exd5 7.
Bg2 Nc6 8. O-O Be6 9. dxc5 Bxc5 10. Nb3 Ba7 11. Bf4 O-O 12. Rc1 Bg4 13. h3 Bh5 14. g4 Bg6 15. Ne5 Rc8 16. Nxg6 hxg6 17. Bg5 Bb8 18.
Nc5 Qd6 19. Re1 Qh2+ 20. Kf1 Ne4 21. Nxe4 dxe4 22. Qd5 Rfe8 23. Rc3 Re5 24. Qd7 Rc7 25. Qd2 Rxg5 26. Qxg5 Rc8 27. Bxe4 Be5 28. Rd3 Bf6 29. Qe3 Ne5 30. Qg3 Qxg3 31. Rxg3 Nc4 32. Rc1 Nd2+ 33. Kg2 Rxc1 34. Bxb7 a5 35. Bd5 Rc5 36. e4 Bxb2 37. Rd3 Bc3 38. f4 a4 39. e5 Kf8 40. Kf2 a3 41. Ke3 Ke7 42. f5 gxf5 43. gxf5 Nf1+ 44. Kf4 Bd2+ 45. Kf3 Ne3 46. Be4 Bc1 47. Rb3 Rxe5 48. Kf4 Nc4+ 0-1

[Event "*** SCC Grand Prix: Titled Tuesday Blitz"]
[Site "Chess.com"]
[Date "2020.07.07"]
[Round "7"]
[White "SahajGrover"]
[Black "swimmerchess"]
[Result "0-1"]
[WhiteElo "2664"]
[BlackElo "2816"]
[TimeControl "180+1"]
[EndTime "11:20:08 PDT"]
[Termination "swimmerchess won by resignation"]

1. e4 c5 2. Nf3 d6 3. Nc3 Nf6 4. d4 cxd4 5. Nxd4 Nc6 6. Bg5 e6 7. Qd2 a6 8. O-O-O Bd7 9. Nxc6 Bxc6 10. f3 h6 11. Bf4 d5 12. e5 Nd7 13. Ne2 b5 14.
Nd4 Bb7 15. Kb1 g5 16. Bg3 Bg7 17. Re1 Qc7 18. h4 gxh4 19. Rxh4 O-O-O 20. Bxb5 Nxe5 21. Qe2 axb5 22. Bxe5 Bxe5 23. Qxe5 Qxe5 24. Rxe5 Rdg8 25. g4 b4 26. Kc1 Kd7 27. Kd2 Kd6 28. Reh5 Rg6 29. b3 Bc8 30. Rh1 Bd7 31. g5 e5 32.
Rxh6 Ra8 33. Ne2 Rxa2 34. Rxg6+ fxg6 35. Ng3 Ke6 36. Rh6 Kf7 37. Rh7+ Ke6 38. Rg7 Be8 39. Rb7 d4 40. Rb6+ Kd5 41. Ne4 Bc6 42. Rxb4 Ke6 43. Rb6 Kd7 44. Rb8 Kc7 45. Rg8 Bd5 46. Rg7+ Kd8 47. Kd3 Ra6 48. Nf6 Bxf3 49. Rxg6 Rd6 50. Rg7 Re6 51. Ne4 Rc6 52. g6 Bd1 53. Rg8+ Ke7 54. c4 Bxb3 55. g7 Bxc4+ 0-1

[Event "*** SCC Grand Prix: Titled Tuesday Blitz"]
[Site "Chess.com"]
[Date "2020.07.07"]
[Round "7"]
[White "Benjoneliere44"]
[Black "Ginger_GM"]
[Result "0-1"]
[WhiteElo "2530"]
[BlackElo "2673"]
[TimeControl "180+1"]
[EndTime "11:20:08 PDT"]
[Termination "Ginger_GM won on time"]

1. d4 e6 2. Nf3 f5 3. g3 Nf6 4. Bg2 Be7 5. O-O O-O 6. c4 d6 7.
b4 a5 8. b5 Ne4 9. Bb2 a4 10.
a3 c6 11. bxc6 Nxc6 12. Nc3 Qa5 13. Rc1 Qa6 14. d5 Na5 15. dxe6 Nxc4 16. Ba1 Bxe6 17. Nd4 Bd7 18. Nxe4 fxe4 19. Bxe4 Ne5 20. Rb1 Rab8 21.
Qc2 h6 22. f4 Ng4 23. h3 Ne3 24. Qc3 Nxf1 25. Rxf1 Bf6 26. Bb1 Bxh3 27. Rd1 Qc6 28. Nxc6 Bxc3 29. Ne7+ Kf7 30. Bxc3 Kxe7 31. Bxg7 Rg8 32.
Bxh6 Rxg3+ 33. Kh2 Rbg8 34. Bg5+ R3xg5 35. fxg5 Be6 36. Rg1 b5 37. g6 b4 38. axb4 a3 39. Bd3 a2 40. b5 Kf6 41. b6 Rb8 42. g7 Rxb6 43. Kg3 Kxg7 44. Kf4+ Kf6 45. Ke3 Rb3 46. Kd2 Ra3 47. Ra1 Ke5 48. e3 Bd5 49. Kc2 Ra5 50. Kd2 Be6 51. Kc2 Kd5 0-1

[Event "*** SCC Grand Prix: Titled Tuesday Blitz"]
[Site "Chess.com"]
[Date "2020.07.07"]
[Round "7"]
[White "JozefKneht"]
[Black "Mazetovic"]
[Result "1-0"]
[WhiteElo "2493"]
[BlackElo "2738"]
[TimeControl "180+1"]
[EndTime "11:20:09 PDT"]
[Termination "JozefKneht won by resignation"]

1. e4 c5 2. Nf3 Nc6 3. d4 cxd4 4. Nxd4 g6 5. c4 Bg7 6. Be3 Nf6 7. Nc3 O-O 8. Be2 d6 9. Qd2 Bd7 10. O-O Nxd4 11.
Bxd4 a5 12. b3 Bc6 13. f3 Nd7 14. Be3 Nc5 15. Rab1 Be5 16. Rfc1 e6 17. Qe1 f5 18. exf5 gxf5 19. f4 Bf6 20. Nb5 Bxb5 21. cxb5 Ne4 22. Bf3 d5 23. Kh1 Qd7 24. a4 Rfc8 25. Bb6 Kh8 26.
Bxa5 Bd4 27. Bxe4 fxe4 28. Bc3 Bxc3 29. Rxc3 Rxc3 30. Qxc3+ d4 31. Qc5 Qd5 32. Qe7 d3 33. h3 e3 34. Rc1 Qf5 35. Rc7 Qg6 36. Qd6 e2 37. Qe5+ Kg8 38. Rd7 Rf8 39. f5 Qf6 40. Qg3+ Kh8 41. Rxd3 Qxf5 42. Re3 Qf1+ 43. Kh2 Rg8 44.
Qe5+ Rg7 45. Rg3 Qf7 46. Rxg7 Qxg7 47. Qxe2 Qc7+ 48. g3 Qc3 49. Qxe6 Qd2+ 50. Kg1 Qd1+ 51. Kf2 Qd4+ 52. Qe3 Qb2+ 53. Kf3 Qf6+ 54. Qf4 Qc3+ 55.
Kg4 Qg7+ 56. Kh4 Qe7+ 57. Qg5 Qb4+ 58. g4 Qxb3 59. Qe5+ Kg8 60. Qb8+ Kg7 61. Qxb7+ Kg8 62. Qc8+ 1-0

[Event "*** SCC Grand Prix: Titled Tuesday Blitz"]
[Site "Chess.com"]
[Date "2020.07.07"]
[Round "7"]
[White "GjakanTati"]
[Black "anesar92"]
[Result "0-1"]
[WhiteElo "2571"]
[BlackElo "2731"]
[TimeControl "180+1"]
[EndTime "11:20:09 PDT"]
[Termination "anesar92 won by resignation"]

1. d4 Nf6 2. c4 e6 3. Nf3 Bb4+ 4. Bd2 Be7 5. Nc3 O-O 6. e4 d5 7. cxd5 exd5 8. e5 Ne4 9. Bd3 Nxd2 10. Qxd2 Bg4 11. Qf4 Bxf3 12. Qxf3 Nc6 13. Qg4 Nb4 14. Bb1 c5 15. O-O Nc6 16. dxc5 Nxe5 17. Qh5 Ng6 18. Nxd5 Bxc5 19. Rd1 Re8 20. a3 Re5 21. Qf3 Qg5 22. Nc3 Rae8 23. Bc2 Nh4 24. Qg3 Qh6 25. Ne4 Bf8 26. Nc3 Rg5 27. Qh3 Rxg2+ 28. Kh1 Rxf2 29. Be4 Ng6 30. Qxh6 gxh6 31. Bxb7 Rxb2 32. Ne4 Bg7 33. Bd5 Be5 34. Ng3 Bxg3 35. hxg3 Kg7 36. Rf1 Re7 37. Rac1 Ne5 38. Rc3 Ng4 39. Rcf3 f6 40. Rd3 Ree2 41. Kg1 Re7 42. Bf3 Ne5 43. Re3 Rc7 44. Be4 h5 45.
Rd1 Re7 46. Bf5 Rc7 47. Kf1 Ng4 48. Red3 Kh6 49. Rd7 Rxd7 50. Bxd7 Ne3+ 0-1

[Event "*** SCC Grand Prix: Titled Tuesday Blitz"]
[Site "Chess.com"]
[Date "2020.07.07"]
[Round "7"]
[White "pastouche06"]
[Black "ValentinDragnev"]
[Result "1-0"]
[WhiteElo "2523"]
[BlackElo "2747"]
[TimeControl "180+1"]
[EndTime "11:20:10 PDT"]
[Termination "pastouche06 won by checkmate"]

1. d4 Nf6 2. c4 g6 3. f3 Bg7 4.
e4 O-O 5. Ne2 d6 6. Be3 Nc6 7.
Qd2 a6 8. Nbc3 Rb8 9. Rc1 Ne8 10.
g3 Bd7 11. Nd1 b5 12. c5 e5 13. d5 Ne7 14. Bg2 f5 15. Nf2 dxc5 16. Bxc5 Nd6 17.
Qb4 Bh6 18. Rd1 fxe4 19. Nxe4 a5 20. Qxa5 Ra8 21. Qb4 Ra4 22. Qb3 Nxe4 23. d6+ Nd5 24. Qxd5+ Kh8 25. fxe4 c6 26. Qd3 Rxa2 27. Qb3 Ra4 28.
Rf1 Rxf1+ 29. Kxf1 Rc4 30. Be3 Bf8 31. Qd3 Be6 32.
b3 Rb4 33. Nc1 Rxb3 34. Nxb3 Bc4 35. Kg1 Bxd3 36. Rxd3 Qd7 37. Nc5 Qa7 38. d7 Qa1+ 39.
Bf1 Be7 40. Ne6 Qa5 41. d8=Q+ Bxd8 42. Rxd8+ Qxd8 43. Nxd8 b4 44. Nxc6 h5 45. Nxe5 h4 46. Nxg6+ Kg7 47. Nxh4 Kf6 48. Bd4+ Ke6 49. Bd3 b3 50.
Bc4+ Kd6 51. Bxb3 Kc7 52. e5 Kd7 53. e6+ Ke7 54. Bc5+ Ke8 55. e7 Kd7 56. Ba4+ Kc7 57. e8=Q Kb7 58. Qc6+ Kb8 59. Bd6+ Ka7 60. Qc7+ Ka6 61.
Qb8 Ka5 62. Qb5# 1-0

[Event "*** SCC Grand Prix: Titled Tuesday Blitz"]
[Site "Chess.com"]
[Date "2020.07.07"]
[Round "7"]
[White "bgfbfbgfbgfgf"]
[Black "jocmil"]
[Result "1-0"]
[WhiteElo "2645"]
[BlackElo "2487"]
[TimeControl "180+1"]
[EndTime "11:20:11 PDT"]
[Termination "bgfbfbgfbgfgf won by checkmate"]

1. e4 e6 2. d4 d5 3. Nc3 Nf6 4. e5 Nfd7 5. f4 c5 6. Nf3 Nc6 7. Be3 a6 8. Qd2 b5 9. dxc5 Bxc5 10. Bd3 Qb6 11. Bf2 Bxf2+ 12. Qxf2 Qxf2+ 13. Kxf2 O-O 14. Rae1 Bb7 15. Ne2 Nc5 16. Ned4 Rac8 17. Ke3 f6 18. exf6 Rxf6 19. Nxc6 Bxc6 20. Nd4 Bd7 21. Rhf1 b4 22. g3 Rcf8 23. h4 a5 24. Kd2 g6 25. Re5 h6 26. Ra1 Kg7 27. a3 bxa3 28. Rxa3 a4 29. Rc3 Rc8 30. Ke3 Kf7 31. Bb5 Ke7 32. g4 Kd6 33.
Bxd7 Kxd7 34. h5 gxh5 35. Rxh5 Ne4 36. Rxc8 Kxc8 37. c4 Nd6 38. cxd5 exd5 39. Rxd5 Nc4+ 40. Ke4 Nxb2 41. Rc5+ Kd7 42. f5 Rd6 43. Nb5 Rb6 44. Kd5 Nd3 45. Rc7+ Kd8 46. Ra7 Nf4+ 47. Kc5 Rf6 48. Nd6 h5 49. Kc6 Rxd6+ 50. Kxd6 hxg4 51. Ra8# 1-0

[Event "*** SCC Grand Prix: Titled Tuesday Blitz"]
[Site "Chess.com"]
[Date "2020.07.07"]
[Round "7"]
[White "attack2mateU"]
[Black "AwareIdea"]
[Result "1-0"]
[WhiteElo "2629"]
[BlackElo "2473"]
[TimeControl "180+1"]
[EndTime "11:20:11 PDT"]
[Termination "attack2mateU won by resignation"]

1. e4 e5 2. Nf3 Nc6 3. Bb5 Nf6 4. d3 Bc5 5. c3 d6 6. O-O O-O 7. Bg5 h6 8. Bh4 g5 9. Bg3 Bg4 10. Nbd2 Bb6 11. Nc4 Nh5 12. Bxc6 bxc6 13. d4 Nxg3 14. hxg3 exd4 15. Nxb6 axb6 16. Qxd4 c5 17. Qd2 Qe7 18. Nh2 Bd7 19. Rfe1 Kg7 20. g4 Bc6 21. f3 Qe5 22.
Nf1 Bd7 23. c4 Qd4+ 24. Qxd4+ cxd4 25. a3 c5 26. Kf2 f6 27. Ke2 b5 28. cxb5 Bxb5+ 29.
Kd2 Bxf1 30. Rxf1 Rfb8 31. b4 cxb4 32. axb4 Rxa1 33. Rxa1 Rxb4 34. Kd3 Rb2 35. Rg1 Rb4 36. Rc1 Kf7 37. Rc7+ Ke6 38. Rh7 Ke5 39. Re7+ Kf4 40. Re6 Kg3 41. Rxd6 Kxg2 42. Rxf6 Kg3 43. e5 Ra4 44. e6 Ra1 45. Kxd4 Re1 46. Kd5 Re3 47. Kd6 Kh4 48. e7 h5 49. gxh5 Kxh5 50. Re6 1-0

[Event "*** SCC Grand Prix: Titled Tuesday Blitz"]
[Site "Chess.com"]
[Date "2020.07.07"]
[Round "7"]
[White "Srisshhhtea"]
[Black "Tenamu"]
[Result "1-0"]
[WhiteElo "2501"]
[BlackElo "2369"]
[TimeControl "180+1"]
[EndTime "11:20:11 PDT"]
[Termination "Srisshhhtea won on time"]

1. d4 Nf6 2. c4 e6 3. Nf3 c5 4. d5 exd5 5. cxd5 d6 6. Nc3 g6 7. Bf4 Bg7 8. Qa4+ Bd7 9. Qb3 Qc7 10.
e3 a6 11. a4 O-O 12. a5 Nh5 13. Bg5 h6 14. Bh4 g5 15. Bg3 Nxg3 16. hxg3 Bf5 17. Nd2 Nd7 18. Nc4 Rae8 19. Be2 Ne5 20. Nb6 Nd3+ 21.
Bxd3 Bxd3 22. Qd1 c4 23. Qd2 Re7 24. Ne2 Qc5 25. g4 Qb5 26. Nc3 Qc5 27. Ne2 Rfe8 28.
O-O Rxe3 29. fxe3 Rxe3 30. Nd7 Rxe2+ 31. Nxc5 Rxd2 32. Nxd3 Rxd3 33. Rac1 Rxd5 34. Rxc4 Bd4+ 35. Kh2 Be5+ 36. Kh1 Rxa5 37. Rc8+ Kg7 38. Rc7 Ra4 39. Rcxf7+ Kg6 40. Rxb7 Rxg4 41. g3 Rxg3 42. Rb6 Rh3+ 43. Kg2 Rh2+ 44. Kf3 Rxb2 45. Rxa6 h5 46. Re1 h4 47.
Rxe5 Kh5 48. Rxd6 Rb3+ 49. Re3 g4+ 50. Kf4 Rb4+ 51. Re4 Rxe4+ 52. Kxe4 h3 53. Kf4 h2 54. Rd8 g3 55. Kxg3 Kg5 56. Kxh2 1-0

[Event "*** SCC Grand Prix: Titled Tuesday Blitz"]
[Site "Chess.com"]
[Date "2020.07.07"]
[Round "7"]
[White "zaur-mammadov"]
[Black "Sychev_Klementy"]
[Result "1-0"]
[WhiteElo "2611"]
[BlackElo "2784"]
[TimeControl "180+1"]
[EndTime "11:20:12 PDT"]
[Termination "zaur-mammadov won on time"]

1. e4 e5 2. Nf3 Nc6 3. Nc3 Nf6 4. Be2 d5 5. exd5 Nxd5 6. O-O Nxc3 7. bxc3 e4 8. Ne1 f5 9. d3 Be6 10. Rb1 Rb8 11. c4 Bc5 12. Bb2 O-O 13. Kh1 Qh4 14.
g3 Qg5 15. Ng2 Rbd8 16. Bc1 Qf6 17. Rxb7 Bb6 18. Ba3 Rf7 19. Nf4 Bc8 20. Nd5 Qh6 21. Rxb6 axb6 22. Bc1 Qe6 23. Bf4 Ne5 24. d4 c6 25.
Bxe5 cxd5 26. cxd5 Qxd5 27. c4 Qe6 28. Qb3 Bb7 29. Kg1 Bc8 30. Rb1 Rb7 31. Qb4 h6 32. a4 Kh7 33. Qc3 Re8 34. Rb4 Qc6 35. Qb3 Qg6 36. h4 Qc6 37. d5 Qc5 38. Ba1 Bd7 39. Qc3 Rg8 40. Rb1 Qe7 41. a5 Rgb8 42. a6 Ra7 43. c5 Rba8 44. d6 Qf7 45. c6 Rc8 46. c7 Be6 47. Bb5 Qg6 48. Qe5 1-0

[Event "*** SCC Grand Prix: Titled Tuesday Blitz"]
[Site "Chess.com"]
[Date "2020.07.07"]
[Round "7"]
[White "Sashadav97"]
[Black "Budisavljevic"]
[Result "0-1"]
[WhiteElo "2526"]
[BlackElo "2416"]
[TimeControl "180+1"]
[EndTime "11:20:12 PDT"]
[Termination "Budisavljevic won by resignation"]

1. d4 Nf6 2. c4 a6 3. Nc3 c5 4. d5 b5 5. cxb5 axb5 6. e4 b4 7. Nb5 d6 8. a4 g6 9. Bd3 Bg7 10. Nf3 Bg4 11. O-O Nbd7 12. Be2 Bxf3 13. Bxf3 O-O 14. Be2 Nxe4 15. Bf3 Nef6 16. Bf4 Ne8 17. Qc2 Ne5 18. Be2 Qb6 19. Bxe5 Bxe5 20. Bc4 Bg7 21. Rae1 Bf6 22. b3 Ng7 23. Bd3 e5 24. dxe6 fxe6 25. Kh1 d5 26. f4 Rae8 27. Qf2 Nf5 28. Qf3 Nd4 29. Nxd4 Bxd4 30. Qg4 Kg7 31. h4 Qd6 32. h5 Rf6 33. g3 e5 34. fxe5 Rxe5 35. hxg6 hxg6 36.
Kg2 Rxe1 37. Rxe1 Rf2+ 38. Kh3 Rf6 39. Qc8 Qf8 40. Qd7+ Rf7 41. Qg4 Qh8+ 42. Qh4 Qxh4+ 43. Kxh4 Rf3 44. Bc2 Rc3 45. Re2 c4 46. Rd2 cxb3 47. Bxb3 Bf6+ 48. Kg4 Rxb3 49. Rxd5 Ra3 50. a5 b3 51. Rb5 b2 52. a6 Ra4+ 53. Kh3 Rxa6 54. Rb7+ Kh6 55. g4 Ra3+ 56. Kg2 Ra1 57. g5+ Kxg5 0-1

[Event "*** SCC Grand Prix: Titled Tuesday Blitz"]
[Site "Chess.com"]
[Date "2020.07.07"]
[Round "7"]
[White "Semetey"]
[Black "Parkas"]
[Result "1-0"]
[WhiteElo "2472"]
[BlackElo "2345"]
[TimeControl "180+1"]
[EndTime "11:20:12 PDT"]
[Termination "Semetey won on time"]

1. d4 g6 2. Nf3 Bg7 3. Bf4 d6 4. c3 Nd7 5. Nbd2 e5 6. Bg5 Ngf6 7. e4 O-O 8. Bd3 Qe8 9. O-O h6 10. Bh4 Nh5 11. Re1 b6 12. a4 a5 13. Qb3 g5 14.
Bg3 Nf4 15. Bb5 Qe7 16. Qa3 Bb7 17. dxe5 Nxe5 18. Nxe5 Qxe5 19. Nc4 Qe6 20. Bxf4 gxf4 21. f3 Kh8 22. Nd2 f5 23. Bd3 fxe4 24. Nxe4 Qf7 25. Re2 Rae8 26. Rae1 Re5 27. Qa1 Rfe8 28. Qd1 Qe7 29.
Bb5 c6 30. Bd3 d5 31. Nf2 Qc5 32. Kf1 Bc8 33. h3 Re3 34. Qd2 Bd7 35. Nd1 Rxe2 36. Rxe2 Rxe2 37. Qxe2 Qd6 38. Bc2 c5 39. Qd3 Kg8 40.
Qh7+ Kf8 41. Nf2 Qe5 42. Qg6 Be8 43. Qxb6 Bf6 44. Qxc5+ Be7 45. Qxa5 Qe3 46. Qxd5 Qc1+ 47.
Qd1 Qxb2 48. Ne4 Qb7 49. Kg1 Qa7+ 50. Kh1 Qb8 51. Kh2 Qe5 52. Qd2 Kg7 53. c4 Bf6 54. a5 Bf7 55. c5 Bg6 56. a6 Bxe4 57. Bxe4 1-0

[Event "*** SCC Grand Prix: Titled Tuesday Blitz"]
[Site "Chess.com"]
[Date "2020.07.07"]
[Round "7"]
[White "imdarealist"]
[Black "DonPreuss"]
[Result "1-0"]
[WhiteElo "2343"]
[BlackElo "2181"]
[TimeControl "180+1"]
[EndTime "11:20:12 PDT"]
[Termination "imdarealist won on time"]

1. d4 Nc6 2. Nf3 e5 3. dxe5 f6 4. exf6 Nxf6 5. Bg5 d5 6. e3 Bd6 7. c3 O-O 8. Be2 Qe8 9. Bxf6 Rxf6 10. Qxd5+ Be6 11.
Qd1 Rd8 12. Nbd2 Bg4 13. Qa4 Qh5 14. h3 Ne5 15. O-O-O Bd7 16. Ne4 Bxa4 17. Nxf6+ gxf6 18. b3 Bc6 19. Nd4 Qg6 20. f4 Nf7 21. Bd3 Qg3 22.
Nf5 Qxg2 23. Rhg1 Qxg1 24. Rxg1+ Kh8 25. Bc4 Rf8 26. h4 Be8 27. h5 Rg8 28. Rf1 h6 29. Rf2 Kh7 30. Bd3 Kh8 31. Bc4 c6 32. Nh4 b5 33. Be6 Rg7 34. Ng6+ Kh7 35. Bf5 Kg8 36. Be6 Kh7 37. Bf5 Kg8 38. Rd2 Bc5 39. Rd8 Bxe3+ 40. Kc2 Nd6 41. Rxd6 Bc5 42. Rd8 Kf7 43. Be4 Be7 44. Rb8 Ke6 45. Rb7 Bxg6 46. hxg6 Kd6 47. f5 h5 48. Bd3 h4 49. Rb8 Ke5 50. Rh8 Bc5 51. Rxh4 Bf2 52. Rh7 Rg8 53. g7 Bc5 54. c4 1-0

[Event "*** SCC Grand Prix: Titled Tuesday Blitz"]
[Site "Chess.com"]
[Date "2020.07.07"]
[Round "7"]
[White "fish7728"]
[Black "Bastiandash"]
[Result "0-1"]
[WhiteElo "2179"]
[BlackElo "2327"]
[TimeControl "180+1"]
[EndTime "11:20:12 PDT"]
[Termination "Bastiandash won by resignation"]

1. d4 Nf6 2. c4 e6 3. Nc3 Bb4 4. f3 d5 5. a3 Bxc3+ 6. bxc3 O-O 7.
e3 b6 8. Bd3 Ba6 9. cxd5 Bxd3 10. Qxd3 exd5 11. Ne2 Re8 12. O-O Qe7 13. Ng3 Nbd7 14.
Bd2 a6 15. Rae1 Qxa3 16. e4 dxe4 17. fxe4 c5 18. Ra1 Qb3 19. e5 Nd5 20. Rfb1 Nb4 21. Qf5 Qd5 22. cxb4 Qxd4+ 23. Qf2 Qxe5 24. bxc5 Nxc5 25.
Re1 Qd6 26. Bb4 a5 27. Bxc5 bxc5 28. Rxe8+ Rxe8 29. Rxa5 c4 30. Ra1 g6 31. Rc1 Qd3 32.
h3 h5 33. Nf1 Re2 34. Qc5 Qe4 35. Qg5 h4 36. Nh2 Re1+ 37. Rxe1 Qxe1+ 38. Nf1 c3 39.
Qd8+ Kg7 40. Qd3 Kh7 41. Qc2 Kg7 42. Qf2 Qd1 43. Qe3 c2 44. Qe5+ Kh7 45. Qe7 Kg8 46. Qe8+ Kg7 47. Qe5+ Kf8 48. Qd6+ Qxd6 49. Ne3 c1=Q+ 50.
Nd1 Qcd2 51. Nf2 Qd1+ 52. Nxd1 Qxd1+ 53. Kh2 Qc2 54. Kg1 Ke7 55. Kh2 Kf6 0-1

[Event "*** SCC Grand Prix: Titled Tuesday Blitz"]
[Site "Chess.com"]
[Date "2020.07.07"]
[Round "7"]
[White "Duhless"]
[Black "DeviatkinAndrey"]
[Result "1/2-1/2"]
[WhiteElo "3047"]
[BlackElo "2742"]
[TimeControl "180+1"]
[EndTime "11:20:13 PDT"]
[Termination "Game drawn by repetition"]

1. e4 c6 2. d4 d5 3. e5 Bf5 4.
h4 h6 5. g4 Bd7 6. Be3 e6 7.
Nc3 c5 8. Nge2 Nc6 9. f4 cxd4 10. Nxd4 h5 11. gxh5 Nxd4 12. Bxd4 Ne7 13. Bd3 Nc6 14.
Bf2 a6 15. Rg1 Qc7 16. Na4 Qa5+ 17. c3 d4 18. a3 Nxe5 19. fxe5 Bxa4 20. Qe2 dxc3 21.
b4 Qc7 22. Rg4 Rxh5 23. Bg3 Bc6 24. O-O-O O-O-O 25. Rc4 g6 26. Rxc3 Bg7 27. Re1 Kb8 28. Kb1 Qd7 29. Rd1 Bb5 30. Kb2 Rhh8 31. Bf2 Bxd3 32.
Rdxd3 Qb5 33. Qe3 b6 34. Kb3 Rxd3 35. Rxd3 Rc8 36. Qxb6+ Qxb6 37. Bxb6 Kb7 38. Bc5 Bxe5 39. Rf3 Rc7 40. Kc4 Rd7 41. a4 Bc7 42. b5 axb5+ 43. axb5 Bd8 44. Rf1 Bb6 45. Bb4 Rd4+ 46. Kb3 f5 47. Re1 Rd3+ 48. Kc4 Rd4+ 49. Kb3 Re4 50. Rd1 Kc7 51. Bd6+ Kb7 52. Bb4 Re3+ 53. Ka4 Re4 54. Kb3 1/2-1/2

[Event "*** SCC Grand Prix: Titled Tuesday Blitz"]
[Site "Chess.com"]
[Date "2020.07.07"]
[Round "7"]
[White "dpopadic"]
[Black "CzechmVIII"]
[Result "1-0"]
[WhiteElo "2387"]
[BlackElo "2182"]
[TimeControl "180+1"]
[EndTime "11:20:13 PDT"]
[Termination "dpopadic won on time"]

1. e4 c5 2. Nc3 Nc6 3. f4 g6 4.
Nf3 Bg7 5. Bc4 e6 6. f5 Nge7 7. fxe6 fxe6 8. d3 d5 9. Bb3 h6 10. O-O O-O 11. Qe1 Nd4 12. Nxd4 Rxf1+ 13. Qxf1 cxd4 14.
Ne2 dxe4 15. dxe4 d3 16. cxd3 Qxd3 17. Nc3 Bd4+ 18. Be3 Bxe3+ 19. Kh1 Qxf1+ 20. Rxf1 Bd7 21. Rd1 Bc6 22. Bxe6+ Kg7 23. h3 Rf8 24. b4 a6 25.
a4 Bf4 26. b5 axb5 27. axb5 Be8 28. Nd5 Nxd5 29. Bxd5 Bxb5 30. Bxb7 Bg3 31. Kg1 Be5 32.
Bd5 h5 33. Rb1 Bd3 34. Rd1 Bd4+ 35. Kh2 Be5+ 36. Kg1 Ba6 37. Rb1 h4 38. Rc1 Kh6 39. Rb1 Bg3 40. Ra1 Bd3 41. Rd1 Bb5 42. Rb1 Bd7 43.
Rd1 Bb5 44. Rb1 Rc8 45. Rd1 Bd3 46. e5 Rb8 47. e6 Bd6 48. Rxd3 Re8 49. Kf2 Be7 50.
Kf3 Kg7 51. Bc4 g5 52. Rd7 Kf6 53. Kg4 Bb4 54. Rf7+ Ke5 55. Rf5+ Kd6 56. Rxg5 Be1 57. Rd5+ Kc6 58. Re5 1-0

[Event "*** SCC Grand Prix: Titled Tuesday Blitz"]
[Site "Chess.com"]
[Date "2020.07.07"]
[Round "7"]
[White "SergeyKarjakin"]
[Black "hanzo_hasashi1"]
[Result "0-1"]
[WhiteElo "2969"]
[BlackElo "2894"]
[TimeControl "180+1"]
[EndTime "11:20:14 PDT"]
[Termination "hanzo_hasashi1 won by resignation"]

1. e4 e5 2. Nf3 Nc6 3. Bc4 Bc5 4. c3 Nf6 5. d3 d6 6. O-O a6 7. a4 Ba7 8. Nbd2 O-O 9. h3 Bd7 10. Re1 b5 11. Bb3 b4 12. Nf1 Rb8 13. Ng3 bxc3 14.
bxc3 Na5 15. Bc2 c5 16. Bg5 h6 17. Bh4 Be6 18. d4 cxd4 19. cxd4 Nc4 20. d5 Bd7 21. Qe2 Rc8 22. Bd3 Na5 23. Bxa6 Rc3 24. Rec1 Qc7 25. Qe1 Bxf2+ 26. Kxf2 Qa7+ 27. Kf1 Rxf3+ 28. gxf3 Bxh3+ 29. Ke2 Qxa6+ 30. Kf2 g5 31. Bxg5 hxg5 32. Qe3 Nh7 33. Rc7 Rb8 34. Rac1 Rb2+ 35. R1c2 Rxc2+ 36. Rxc2 Nc4 37. Qc3 Qa7+ 38. Ke2 Qg1 39. Qxc4 Qxg3 40. a5 Nf6 41. a6 g4 42. fxg4 Bxg4+ 43. Kd2 Qg1 44.
Kc3 Bf3 45. Kb2 Bxe4 46. Rc1 Qf2+ 47. Ka3 Bxd5 48. Qc8+ Kg7 49. Qc2 Qb6 50. Qd3 Qa5+ 51. Kb2 Qa2+ 52. Kc3 Qa3+ 53. Kd2 Ne4+ 54. Kc2 Qa2+ 0-1

[Event "*** SCC Grand Prix: Titled Tuesday Blitz"]
[Site "Chess.com"]
[Date "2020.07.07"]
[Round "7"]
[White "Nf3c5"]
[Black "jaskol95"]
[Result "1-0"]
[WhiteElo "2625"]
[BlackElo "2410"]
[TimeControl "180+1"]
[EndTime "11:20:14 PDT"]
[Termination "Nf3c5 won on time"]

1. e4 e6 2. Nf3 d5 3. Nc3 Nf6 4. Bd3 d4 5. Ne2 c5 6. O-O Nc6 7. Ng3 e5 8. Bb5 Bd6 9. Bxc6+ bxc6 10.
d3 Qc7 11. b3 h6 12. h3 g5 13. Nd2 Be6 14. Re1 Ng8 15. Nf5 Bxf5 16. exf5 Ne7 17.
Qf3 Nd5 18. Nc4 O-O-O 19. a3 f6 20. Bd2 h5 21. Ba5 Nb6 22. Qe4 Kb7 23. g3 Qf7 24. b4 Qd5 25. bxc5 Bxc5 26. Qe2 Rb8 27. Bb4 Nxc4 28.
dxc4 Qd6 29. c3 dxc3 30. Rad1 Qe7 31. Bxc3 Ka8 32. Qe4 Qc7 33. Ba5 Qc8 34. Rb1 Qa6 35.
Bb4 Bxb4 36. axb4 Qb7 37. Ra1 Rhd8 38. Reb1 Rd4 39. Qe2 Qb6 40. b5 c5 41. Qf3+ Qb7 42.
Qe3 Rbd8 43. Ra3 Re4 44. Qb3 1-0

[Event "*** SCC Grand Prix: Titled Tuesday Blitz"]
[Site "Chess.com"]
[Date "2020.07.07"]
[Round "7"]
[White "Artyom_ChessMate"]
[Black "malandragem"]
[Result "0-1"]
[WhiteElo "2497"]
[BlackElo "2397"]
[TimeControl "180+1"]
[EndTime "11:20:14 PDT"]
[Termination "malandragem won by resignation"]

1. e4 c5 2. Nc3 Nc6 3. Bb5 Nd4 4.
Nf3 e6 5. O-O a6 6. Bd3 b5 7.
Nxd4 cxd4 8. Ne2 Qb6 9. f4 Bb7 10. Qe1 Nf6 11. Ng3 h5 12. b3 h4 13. Nh1 d5 14. e5 Ne4 15. Nf2 Be7 16. Bb2 O-O-O 17.
Rc1 Kb8 18. Nxe4 dxe4 19. Bxe4 h3 20. g3 g5 21. f5 Bb4 22. Bxb7 d3+ 23. Rf2 Qxb7 24.
cxd3 Rxd3 25. a3 Ba5 26. b4 Bb6 27. Rc5 Bxc5 28. bxc5 exf5 29. e6 Re8 30. Qe5+ Ka8 31. Qxf5 Rxe6 32. Qxd3 Re1+ 33. Qf1 Rxf1+ 34. Kxf1 Qd5 35.
d4 f5 36. Ke2 Qe4+ 37. Kf1 f4 38. gxf4 gxf4 39. c6 Qxc6 40. Rxf4 Qg2+ 41. Ke1 Qxb2 42.
Rf2 Qxd4 43. Ke2 Qe5+ 44. Kf3 a5 45. Kg4 b4 46. axb4 axb4 47. Kxh3 b3 48. Rf8+ Kb7 49.
Rf3 Qe6+ 50. Kg3 Kb6 51. h4 Kb5 52. h5 b2 53. Rf1 Qe3+ 54. Kh4 Qe4+ 55. Kg5 b1=Q 56.
Rxb1+ Qxb1 57. h6 Qh7 0-1

[Event "*** SCC Grand Prix: Titled Tuesday Blitz"]
[Site "Chess.com"]
[Date "2020.07.07"]
[Round "7"]
[White "Gabrielian_Artur"]
[Black "Izoria123"]
[Result "1-0"]
[WhiteElo "2781"]
[BlackElo "2901"]
[TimeControl "180+1"]
[EndTime "11:20:15 PDT"]
[Termination "Gabrielian_Artur won on time"]

1. e4 c5 2. Nc3 d6 3. d4 cxd4 4. Qxd4 Nc6 5. Qd2 g6 6. b3 Bh6 7. f4 Nf6 8. Bb2 O-O 9. O-O-O Qa5 10.
Kb1 Bg7 11. Nf3 Bg4 12. Bc4 b5 13. Bd5 Nxd5 14. Nxd5 Qxd2 15. Rxd2 Rfc8 16. Rf1 Bxb2 17. Kxb2 Be6 18. Ne3 f6 19. g4 a5 20. a3 Ra7 21.
h4 Bf7 22. g5 fxg5 23. hxg5 b4 24. a4 Rac7 25. Rh1 Kg7 26. Rdh2 Bg8 27. f5 Rf8 28. Rh3 Rcc8 29. R1h2 Rce8 30. Kc1 Nb8 31. Kd2 Nd7 32. Rg3 Nc5 33. Rh4 Rf7 34. Nd4 Rff8 35.
Ke2 Rc8 36. Kf3 Nd7 37. Ke2 Ne5 38. Kd2 Rc3 39. Rhh3 Rfc8 40. Nd1 Rxg3 41. Rxg3 Rc5 42. Re3 Nd7 43. Rg3 Re5 44. Nf2 Nc5 45. Ke3 Bf7 46. Kf4 Kf8 47. Re3 Kg7 48. Ng4 gxf5 49. Nxe5 dxe5+ 50. Kxe5 fxe4 51. Nf5+ Kg6 52. Nxe7+ Kxg5 53. Kd4 Ne6+ 54.
Kxe4 h5 55. Ke5 Ng7 56. Rg3+ Kh6 57. Kf6 1-0

[Event "*** SCC Grand Prix: Titled Tuesday Blitz"]
[Site "Chess.com"]
[Date "2020.07.07"]
[Round "7"]
[White "ahachess"]
[Black "Ermito2020"]
[Result "0-1"]
[WhiteElo "2275"]
[BlackElo "2450"]
[TimeControl "180+1"]
[EndTime "11:20:16 PDT"]
[Termination "Ermito2020 won by resignation"]

1. d4 d5 2. c4 e6 3. Nf3 Nf6 4. g3 c6 5. Qc2 Be7 6. Bg2 O-O 7.
O-O Nbd7 8. Nc3 dxc4 9. Nd2 Nb6 10. e3 Nfd5 11. a3 Rb8 12. Ne2 Bd7 13. Nxc4 Nxc4 14.
Qxc4 Rc8 15. e4 Nb6 16. Qc2 c5 17. d5 exd5 18. exd5 Bd6 19. Be4 g6 20. Bf4 Qc7 21.
Bh6 Rfe8 22. Rfe1 Be5 23. Nc3 Qd6 24. Rad1 Bd4 25. Bg2 Rxe1+ 26. Rxe1 Re8 27. Rxe8+ Bxe8 28. Bf4 Qe7 29. Qe4 Qxe4 30. Bxe4 Nc4 31. Bc1 Nxa3 32. Ne2 Nb5 33. Nxd4 Nxd4 34. d6 b6 35. Be3 Bd7 36. Bd5 Kg7 37. f4 Nc2 38. Bf2 Nb4 39. Bb7 Kf6 40. Be1 Ke6 41. Bc3 Kxd6 42. Be5+ Ke7 43. Bb8 Bc6 44. Bc8 a5 45. Ba7 Nd5 46. Ba6 Kd6 47.
Bc4 b5 48. Bxd5 Kxd5 49. Kf2 a4 50. Ke3 Kc4 51. Kd2 Kb3 52. Kc1 c4 53. Bc5 b4 54.
Kd2 a3 55. bxa3 Kxa3 56. Kc2 Be4+ 57. Kc1 c3 58. Bd4 Kb3 59. Be5 Kc4 0-1